 Dungeon Crawl Stone Soup version 0.30-a0-540-g0af01429fa (webtiles) character file.

Game seed: 1596690241822422351

2173 PyroL the Reanimator (level 9, -5/69 HPs)
             Began as a Demonspawn Necromancer on Dec 26, 2022.
             Was a Believer of Lugonu.
             Slain by a wight
             ... wielding a +4 morningstar
              (8 damage)
             ... on level 4 of the Dungeon.
             The game lasted 00:16:58 (8085 turns).

PyroL the Reanimator (Demonspawn Necromancer)       Turns: 8085, Time: 00:16:58

Health: -5/69      AC:  3    Str: 10    XL:     9   Next: 11%
Magic:  0/13       EV: 14    Int: 19    God:    Lugonu [**....]
Gold:   378        SH:  0    Dex: 14    Spells: 5/13 levels left

rFire   . . .      SeeInvis .    F - +3 scythe (freeze)
rCold   + . .      Faith    +    (shield currently unavailable)
rNeg    . . .      Spirit   +    a - +0 robe
rPois   .          Reflect  .    (no helmet)
rElec   .          Harm     .    h - +0 cloak
rCorr   .          Rampage  .    (no gloves)
Will    +....                    (no boots)
Stlth   ++                       y - amulet of faith
HPRegen 0.31/turn                i - ring of willpower
MPRegen 0.26/turn                s - ring of protection from cold

@: animating dead
A: hooves 1, ignite blood 2, magic shield, magic regeneration
a: Renounce Religion, Depart the Abyss, Banish


You were on level 4 of the Dungeon.
You worshipped Lugonu.
Lugonu was pleased with you.
You visited 2 branches of the dungeon, and saw 8 of its levels.

You collected 378 gold pieces.

Inventory:

Hand Weapons
 F - a +3 scythe of freezing (weapon)
Missiles
 m - 2 throwing nets
 p - 7 poisoned darts
 D - 4 silver javelins
 H - 2 javelins
Armour
 a - a +0 robe (worn)
 h - a +0 cloak (worn)
Jewellery
 i - a ring of willpower (left hand)
 q - a ring of willpower
 s - a ring of protection from cold (right hand)
 t - a ring of fire
 y - an amulet of faith (around neck)
Wands
 e - a wand of light (8)
 A - a wand of flame (29)
Scrolls
 g - 2 scrolls of fear {unknown}
 j - a scroll of poison {unknown}
 k - a scroll of fog
 l - 5 scrolls of teleportation
 n - 2 scrolls of blinking {unknown}
 u - 2 scrolls of enchant weapon {unknown}
 v - a scroll of silence
 x - 3 scrolls of vulnerability
 C - 2 scrolls of brand weapon {unknown}
 G - a scroll of magic mapping {unknown}
Potions
 b - a potion of flight {unknown}
 c - a potion of lignification {unknown}
 d - a potion of heal wounds
 f - 3 potions of curing
 o - 3 potions of berserk rage
 r - 2 potions of mutation {unknown}
 w - 3 potions of degeneration
 z - a potion of ambrosia {unknown}
 B - a potion of haste
 E - a potion of brilliance {unknown}
 I - a potion of attraction {unknown}


   Skills:
 + Level 5.6 Fighting
 - Level 6.0 Dodging
 - Level 1.7 Stealth
 - Level 2.9 Spellcasting
 - Level 10.0 Necromancy


You had 5 spell levels left.
You knew the following spells:

 Your Spells              Type           Power      Damage    Failure   Level
a - Necrotise             Necr           100%       1d9       1%          1
b - Vampiric Draining     Necr           40%        2d8       1%          3
c - Animate Dead          Necr           40%        N/A       2%          4

Your spell library contained the following spells:

 Spells                   Type           Power      Damage    Failure   Level
 Agony                    Necr           40%        N/A       7%          5
 Animate Armour           Summ/Erth      4%         N/A       83%         4
 Blade Hands              Tmut           1%         N/A       99%         5
 Iron Shot                Conj/Erth      1%         9d1       100%        6


Dungeon Overview and Level Annotations

Branches:
Dungeon (7/15)             Temple (1/1) D:6

Altars:
Cheibriados
Dithmenos
Fedhas
Gozag
Hepliaklqana
Makhleb
Nemelex Xobeh
Okawaru
Qazlal
Ru
Vehumet
Wu Jian
Xom
Yredelemnul
Lugonu

Shops:
D:4 ?   D:5 *   D:6 *

Portals:
Abyss: D:3

Annotations:
D:4 2 transporters
D:7 Dowan


Innate Abilities, Weirdness & Mutations

You have large cloven feet.
Your demonic aura often causes spilled blood to erupt in flames.
When hurt, damage is shared between your health and your magic reserves.
You regenerate magic rapidly.


Message History

Lugonu accepts your kill.
The dead are slithering!
The kobold brigand throws a poisoned dart.
The poisoned dart hits you!
You are poisoned.
You puncture the kobold brigand! You freeze the kobold brigand.
Your kick misses the kobold brigand.
The kobold brigand is severely wounded.
You feel sick.
The kobold brigand is engulfed in blazing flames.
You kill the kobold brigand!
Lugonu accepts your kill.
You are too injured to fight recklessly!
You are too injured to fight recklessly!
Reach: F) +3 scythe (freeze)
Press: ? - help, Dir - move target, f - wight
Aim: a wight, wielding a +4 morningstar and wearing a +0 robe (ally target, about 43% to evade your +3 scythe of freezing)
You reach to attack!
You hit the wight but do no damage.
You feel sick.
You hit the wight. You kick the wight, but do no damage.
The wight is moderately damaged.
You feel sick. The wight misses you.
You closely miss the wight. You kick the wight, but do no damage.
The wight is moderately damaged.
You feel sick.
You are no longer poisoned.
The wight hits you with a +4 morningstar.
* * * LOW HITPOINT WARNING * * *
The wight hits you with a +4 morningstar!
* * * LOW HITPOINT WARNING * * *
Unknown command.
The wight attacks as you move away!
The wight hits you with a +4 morningstar!
* * * LOW HITPOINT WARNING * * *
The wight hits your dart slug zombie with a +4 morningstar!
Your dart slug zombie is destroyed!
Things that are here:
a +0 shortbow; a potion of haste; a bullfrog corpse The wight attacks as you move away!
The wight hits you with a +4 morningstar!
You die...

##...####.....## ..##.#
#####...#####
..##.###.....©.....##
..##.##..#########..#
>.##.##.##8.....8##.#
.....##.#......)).#.#
..#####)#.##.©.##.#.# #.#
#..#.##.○.##.#.#
.#####..#......z@©#.########
## #....#.##...##.#........#
# #)#..#.##...##.#..#####.#
#.#..#..(=$.?..#..#####.#
##.#..##8.._.$8##.....##.#
#......#########...##.##(#
#.####.....©.....#.......#
###.# ##.##...########.####
..#.# #.###.#### #.......#


You could see a wight.

Vanquished Creatures
  Sigmund (D:5)
  Eustachio (D:5)
  Edmund (D:4)
  A water moccasin (D:5)
  Pargi (D:3)
  An ice beast (D:6)
  A sky beast (D:6)
  4 ogres
  2 centaurs
  2 kobold brigands
  A bullfrog (D:4)
  A scorpion (D:6)
  4 hounds
  2 jellies (D:5)
  2 orc priests (D:6)
  Ijyb (D:5)
  2 orc wizards
  An iguana (D:5)
  5 adders
  A shadow imp (D:5)
  A white imp (D:6)
  2 worms (D:4)
  3 dart slugs
  13 orcs
  6 endoplasms
  4 giant cockroaches
  4 goblins
  6 hobgoblins
  2 jackals (D:1)
  A quokka (D:2)
  9 ball pythons
  4 bats
  3 frilled lizards (D:1)
  3 kobolds
  5 rats
  A lurking horror (D:3)
102 creatures vanquished.

Vanquished Creatures (collateral kills)
  An ice beast (D:6)
  A jelly (D:6)
  A jackal (D:1)
  4 kobolds (D:6)
7 creatures vanquished.

Vanquished Creatures (others)
  A centaur zombie (D:4)
  An ogre zombie (D:6)
  A dart slug zombie (D:4)
  A lurking horror (D:3)
4 creatures vanquished.

Grand Total: 113 creatures vanquished

Notes
Turn   | Place    | Note
-------+----------+-------------------------------------------
     0 | D:1      | PyroL the Demonspawn Necromancer began the quest for the
                  | Orb.
     0 | D:1      | Reached XP level 1. HP: 13/13 MP: 3/3
     8 | D:1      | Noticed a merfolk zombie
    17 | D:1      | Noticed a demonspawn zombie
    21 | D:1      | Noticed a merfolk zombie
   279 | D:1      | Gained mutation: Your demonic aura sometimes causes spilled
                  | blood to erupt in flames. [demonic ancestry]
   279 | D:1      | Reached XP level 2. HP: 17/19 MP: 5/5
   521 | D:1      | You fall into a shaft and drop 1 floor!
  1170 | D:1      | Reached skill level 5 in Necromancy
  1170 | D:1      | Reached XP level 3. HP: 24/24 MP: 5/7
  1174 | D:1      | Learned a level 3 spell: Vampiric Draining
  1439 | D:2      | Found an iron altar of Okawaru.
  1455 | D:2      | Found a faded altar of an unknown god.
  1956 | D:2      | Reached skill level 1 in Fighting
  2451 | D:3      | Reached XP level 4. HP: 32/32 MP: 6/8
  2705 | D:3      | Noticed Pargi
  2719 | D:3      | Killed Pargi
  2720 | D:3      | Gained mutation: Your demonic aura often causes spilled
                  | blood to erupt in flames. [demonic ancestry]
  2720 | D:3      | Reached XP level 5. HP: 32/41 MP: 2/9
  3000 | D:3      | Found a corrupted altar of Lugonu.
  3000 | D:3      | Found a one-way gate to the infinite horrors of the Abyss.
  3114 | D:3      | Became a worshipper of Lugonu the Unformed
  3114 | D:3      | Reached * piety under Lugonu
  3402 | D:4      | Found a transporter.
  3408 | D:4      | Noticed a centaur
  3416 | D:4      | Learned a level 4 spell: Animate Dead
  3424 | D:4      | Found an iron altar of Okawaru.
  3426 | D:4      | Identified the +9 dagger of the Hungering Augurer {holy,
                  | rCorr}
  3442 | D:4      | Noticed an ogre
  3462 | D:4      | Killed an ogre
  3540 | D:4      | Found Cebe's Magic Scroll Boutique.
  3586 | D:4      | Found a transporter.
  3810 | D:4      | Noticed Edmund
  3946 | D:4      | Gained mutation: You have large cloven feet. [demonic
                  | ancestry]
  3946 | D:4      | Reached XP level 6. HP: 46/50 MP: 7/10
  3993 | D:4      | Found a sparkling altar of Nemelex Xobeh.
  3993 | D:4      | Found a transporter.
  4360 | D:5      | Entered Level 5 of the Dungeon
  4420 | D:5      | Reached skill level 5 in Fighting
  4516 | D:5      | Noticed Ijyb
  4525 | D:5      | Killed Ijyb
  4578 | D:5      | Reached skill level 6 in Necromancy
  4608 | D:5      | Noticed Sigmund
  4991 | D:5      | Noticed a water moccasin
  4999 | D:5      | Killed a water moccasin
  5000 | D:5      | Reached skill level 7 in Necromancy
  5000 | D:5      | Reached XP level 7. HP: 49/56 MP: 1/11
  5206 | D:5      | Found a stormy altar of Qazlal.
  5250 | D:5      | Reached skill level 8 in Necromancy
  5274 | D:5      | Found Oloonk's Neck Hole.
  5276 | D:5      | Noticed Eustachio
  5294 | D:5      | Killed Eustachio
  5302 | D:5      | Reached skill level 9 in Necromancy
  5719 | D:5      | Killed Sigmund
  5720 | D:5      | Gained mutation: You regenerate magic rapidly. [demonic
                  | ancestry]
  5720 | D:5      | Reached XP level 8. HP: 62/62 MP: 12/12
  6075 | D:5      | Reached ** piety under Lugonu
  6312 | D:5      | Reached skill level 10 in Necromancy
  6438 | D:6      | Found Ophun's Lightly-Used Armoury.
  6885 | D:6      | Reached skill level 5 in Dodging
  6978 | D:6      | Found a staircase to the Ecumenical Temple.
  7102 | Temple   | Entered the Ecumenical Temple
  7526 | D:6      | Found an ornate altar of the Wu Jian Council.
  7612 | D:7      | Noticed Dowan
  7870 | D:4      | Killed Edmund
  7871 | D:4      | Gained mutation: When hurt, damage is shared between your
                  | health and your magic reserves. [demonic ancestry]
  7871 | D:4      | Reached XP level 9. HP: 25/68 MP: 3/13
  8081 | D:4      | HP: 2/69 [wight/+4 morningstar (12)]
  8085 | D:4      | Slain by a wight

Illustrated notes

Levels and vault maps discovered:
D:1:      shiori_arrival_whats_in_store_for_you, layout_loops_corners
D:2:      layout_basic, ebering_ecumenical_altar_petrified, basic_altar,
          item_on_display_a
D:3:      layout_basic, amcnicky_altar_lugonu_corruption, uniq_pargi
D:4:      layout_loops_cross, grunt_nemelex_the_gamble,
          gammafunk_temple_overflow_arena, serial_shops, nicolae_diamond_shop,
          uniq_edmund
D:5:      layout_basic, nicolae_qazlal_eye_of_the_storm,
          nicolae_shop_sticking_my_neck_out, uniq_sigmund, uniq_ijyb,
          uniq_eustachio
D:6:      layout_cave_pools, nicolae_wu_jian_glorious_leap,
          minmay_temple_entry_wispy, minmay_shop_damaged
D:7:      minmay_the_grid_triangle_9x9_rhombus_full
          [minmay_the_grid_triangle_9x9_subtriangle,
          minmay_the_grid_triangle_9x9_negative_grid,
          minmay_the_grid_triangle_9x9_dagger,
          minmay_the_grid_triangle_9x9_corrupted_corridor,
          minmay_the_grid_triangle_9x9_longest,
          minmay_the_grid_triangle_9x9_shrine,
          minmay_the_grid_triangle_9x9_checkered,
          minmay_the_grid_triangle_9x9_prize_schism], layout_rooms,
          mainiacjoe_overflow_24_doors, uniq_duvessa
Temple:   oiseaux_autumnal_temple

Skill      XL: |  1  2  3  4  5  6  7  8  9 |
---------------+----------------------------+-----
Necromancy     | 5 7 9 10 | 10.0
Fighting       | 1 3 4 5 |  5.6
Dodging        | 5 6 |  6.0
Stealth        | |  1.7
Spellcasting   | |  2.9

Action                   |  1- 3 |  4- 6 |  7- 9 || total
-------------------------+-------+-------+-------++-------
Melee: Spear             |    39 |    43 |    25 ||   107
       Kick              |       |     4 |    18 ||    22
       Halberd           |       |       |    53 ||    53
 Cast: Necrotise         |    57 |    42 |    46 ||   145
       Vampiric Draining |     1 |    15 |    23 ||    39
       Animate Dead      |       |     2 |     3 ||     5
  Use: Potion            |       |     2 |       ||     2
       Scroll            |       |     5 |     3 ||     8
 Stab: Sleeping          |     3 |     2 |       ||     5
Armor: Robe              |     9 |    14 |    18 ||    41
Dodge: Dodged            |    26 |    40 |    67 ||   133

Table legend: (Time is in decaauts)
 A = Elapsed time spent in this place.
 B = Non-inter-level travel time spent in this place.
 C = Inter-level travel time spent in this place.
 D = Time resting spent in this place.
 E = Time spent auto-exploring this place.
 F = Levels seen in this place.
 G = Mean time per level.
                   A        B        C        D        E       F      G
               +--------+--------+--------+--------+--------+-----+--------+
         Total |   8141 |   7738 |    403 |   1462 |   5170 |   8 | 1017.6 |
       Dungeon |   7861 |   7491 |    370 |   1462 |   4938 |   7 | 1123.0 |
        Temple |    279 |    246 |     33 |      0 |    232 |   1 |  279.0 |
               +--------+--------+--------+--------+--------+-----+--------+

Top non-repeatable levels by time:
     D:5: 1942 daAuts
     D:4: 1346 daAuts
     D:1: 1317 daAuts
     D:6: 1202 daAuts
     D:3: 997 daAuts
     D:2: 978 daAuts
  Temple: 279 daAuts
     D:7: 77 daAuts
